Map: [ESL] Gresvan

Players

GogojOey

  • Race: Zerg Zerg
  • Spawn Location: 11:00

Coffee - Winner!

  • Race: Terran Terran
  • Spawn Location: 5:00

Event: ESL SC2 Masters 2023 Summer (Regionals)

VOD

Have the link to the VOD?

Description

Time

  • Played on: May 3, 2023, 8:41 a.m.
  • Length: 12:21

All games in this series

Show
View Real Time Build Order
Export as new Build Order

GogojOey Zerg 

Build Orders: Hatch First 

Get SALT Encoding   

  12  0:00  Drone  
  13  0:12  Overlord  
  13  0:17  Drone  
  14  0:30  Drone x2  
  16  0:49  Hatchery  
  15  0:52  Drone  
  15  0:55  Drone  
  17  0:59  Drone  
  18  1:10  Extractor  
  17  1:15  Spawning Pool  
  17  1:17  Drone  
  17  1:20  Drone  
  18  1:28  Drone  
  19  1:38  Drone  
  20  1:49  Drone  
  21  2:01  Queen x2  
  21  2:02  Zergling x4  
  27  2:10  Overlord  
  27  2:19  Hatchery  
  27  2:22  Drone  
  27  2:25  Drone  
  28  2:30  Drone  
  28  2:41  Drone  
  28  2:43  Queen  
  31  2:47  Overlord  
  31  2:51  Drone  
  31  2:52  Drone  
  31  2:54  Drone  
  31  2:55  Drone  
  31  2:57  Metabolic Boost  
  34  3:05  Queen  
  36  3:07  Zergling x2  
  36  3:10  Drone  
  38  3:15  Drone x3  
  41  3:23  Overlord  
  41  3:24  Queen  
  43  3:33  Queen  
  45  3:34  Drone  
  45  3:35  Drone  
  45  3:39  Drone x2  
  49  3:46  Drone x2  
  49  3:47  Drone x2  
  53  3:56  Overlord  
  53  3:57  Zergling x2  
  53  3:59  Zergling x2  
  54  4:11  Spore Crawler  
  54  4:14  Drone x8  
  61  4:18  Queen  
  61  4:20  Drone x2  
  65  4:24  Extractor, Queen  
  65  4:26  Overlord  
  65  4:27  Overlord  
  65  4:31  Overlord  
  66  4:39  Evolution Chamber  
  66  4:42  Drone x2, Evolution Chamber  
  66  4:45  Drone x2  
  66  4:47  Drone x5  
  66  4:52  Drone  
  74  4:53  Zergling x6  
  74  4:59  Spore Crawler  
  76  5:03  Drone x4, Spore Crawler  
  76  5:05  Spore Crawler  
  76  5:06  Zerg Ground Armor Level 1  
  78  5:08  Zerg Melee Weapons Level 1  
  78  5:10  Zergling x2  
  78  5:12  Zergling x2  
  78  5:13  Zergling x2  
  81  5:19  Lair  
  81  5:25  Overlord  
  81  5:27  Drone x8  
  88  5:38  Baneling Nest  
  88  5:40  Drone x3  
  90  5:44  Spore Crawler  
  90  5:48  Zergling x6  
  92  5:51  Overlord x2  
  92  5:52  Hatchery  
  92  5:53  Drone  
  92  5:54  Extractor, Drone  
  92  5:55  Extractor  
  86  6:08  Drone x2  
  88  6:17  Drone x8  
  93  6:21  Centrifugal Hooks, Overseer  
  93  6:23  Zergling x4  
  95  6:27  Zergling x6  
  95  6:28  Zergling x6  
  95  6:32  Hatchery  
  99  6:41  Overlord x2  
  99  6:44  Overlord, Drone x2  
  99  6:45  Drone  
  98  6:58  Drone x7  
  98  6:59  Overlord x3  
  105  7:02  Zerg Melee Weapons Level 2, Zerg Ground Armor Level 2  
  105  7:08  Baneling x3  
  105  7:09  Baneling x5  
  105  7:10  Zergling x2  
  105  7:11  Baneling x3  
  105  7:14  Hatchery  
  102  7:24  Drone x6  
  102  7:28  Overseer  
  107  7:31  Zergling x16  
  107  7:32  Zergling x4  
  107  7:33  Queen  
  107  7:36  Queen  
  120  7:39  Overlord  
  120  7:40  Drone x2  
  120  7:41  Drone x2  
  120  7:43  Drone, Hydralisk Den  
  124  7:45  Extractor, Baneling x6, Zergling x2  
  124  7:46  Zergling x4  
  124  7:49  Zergling x4  
  128  7:54  Zergling x4  
  128  7:55  Zergling x10  
  135  7:59  Spore Crawler  
  135  8:04  Zergling x12  
  140  8:06  Baneling x6  
  124  8:23  Drone x4  
  124  8:25  Extractor  
  119  8:27  Infestation Pit  
  119  8:28  Hydralisk x5, Zergling x10  
  119  8:29  Zergling x4  
  130  8:35  Baneling x2, Zergling x10  
  130  8:39  Zergling x2  
  130  8:40  Zergling x4  
  130  8:41  Baneling x3  
  138  8:45  Zergling x2  
  138  8:46  Zergling x2  
  118  8:56  Hydralisk  
  118  8:57  Zergling x16  
  118  8:59  Queen  
  118  9:02  Baneling x5, Zergling x14  
  131  9:04  Hydralisk, Zergling x8  
  131  9:05  Zergling x6  
  132  9:19  Hydralisk, Hatchery, Zergling x2  
  132  9:20  Zergling x12  
  132  9:21  Baneling x6  
  132  9:24  Baneling x5  
  136  9:27  Zergling x10  
  125  9:31  Hydralisk  
  125  9:35  Queen  
  125  9:36  Queen  
  110  9:44  Hydralisk x2  
  110  9:45  Zergling x12  
  112  9:52  Baneling x8  
  110  9:53  Zergling x4  
  112  10:00  Baneling  
  108  10:07  Hydralisk, Zergling x2  
  108  10:08  Zergling x20  
  108  10:13  Hydralisk  
  116  10:14  Zergling x6  
  116  10:16  Baneling x4  
  118  10:22  Grooved Spines  
  118  10:28  Hydralisk, Zergling x18  
  127  10:37  Baneling  
  127  10:38  Baneling x8, Zergling x12  
  133  10:48  Hydralisk  
  133  10:49  Zergling x18  
  144  10:55  Drone x3  
  147  10:59  Zergling x2  
  148  11:04  Baneling x7  
  148  11:06  Overlord  
  148  11:11  Infestation Pit  
  148  11:12  Drone  
  123  11:27  Hydralisk, Zergling x14  
  123  11:28  Zergling x24  
  123  11:30  Queen  
  143  11:35  Drone  
  143  11:36  Drone x3  
  143  11:37  Drone  
  143  11:39  Drone x2  
  150  11:41  Spore Crawler  
  150  11:42  Baneling x4  
  150  11:43  Baneling  
  148  11:50  Hydralisk  
  148  11:51  Zergling x12  
  144  11:57  Zergling x12  
  143  12:04  Drone x6  
Show
View Real Time Build Order
Export as new Build Order

Coffee Terran - Winner!

Build Orders: Reaper Expand, Hellion Banshee 

Get SALT Encoding   

  12  0:00  SCV  
  13  0:12  SCV  
  14  0:16  Supply Depot  
  14  0:24  SCV  
  15  0:38  SCV  
  15  0:39  Barracks  
  16  0:43  Refinery  
  16  0:50  SCV  
  17  1:02  SCV  
  18  1:14  SCV  
  19  1:26  Orbital Command, Reaper  
  20  1:39  Command Center  
  20  1:46  Supply Depot  
  20  1:52  SCV  
  21  1:58  Marine  
  22  2:04  SCV  
  23  2:10  Factory  
  23  2:16  SCV  
  23  2:21  Barracks Reactor  
  24  2:28  SCV  
  25  2:41  SCV  
  26  2:44  Command Center  
  26  2:52  Orbital Command  
  26  2:54  SCV  
  27  2:59  Starport  
  27  3:03  Refinery  
  27  3:06  SCV  
  28  3:15  Hellion x2  
  28  3:17  Barracks Tech Lab  
  33  3:20  SCV  
  33  3:21  SCV  
  34  3:32  SCV  
  34  3:33  SCV  
  36  3:36  Hellion  
  36  3:37  Hellion  
  40  3:44  SCV, Banshee  
  40  3:45  SCV, Marine  
  46  3:55  Cloaking Field  
  46  3:56  SCV  
  46  3:57  Orbital Command, SCV  
  48  4:07  Hellion x2  
  51  4:12  SCV  
  51  4:14  SCV  
  49  4:18  Barracks Tech Lab  
  49  4:20  Supply Depot  
  49  4:23  SCV  
  51  4:24  SCV  
  51  4:26  SCV  
  51  4:27  Banshee  
  51  4:30  Hellion x2  
  59  4:35  SCV  
  59  4:36  SCV  
  61  4:39  Stimpack  
  61  4:42  Supply Depot  
  61  4:46  SCV  
  61  4:47  SCV  
  61  4:48  Marine, SCV  
  65  4:59  Barracks, Factory Reactor  
  65  5:00  Barracks  
  65  5:03  SCV x3, Engineering Bay  
  65  5:05  Engineering Bay  
  68  5:07  Refinery  
  68  5:08  Refinery  
  68  5:09  Supply Depot  
  68  5:18  Barracks  
  68  5:19  Barracks  
  68  5:22  SCV  
  68  5:24  Starport Reactor  
  68  5:26  SCV x2  
  71  5:31  Supply Depot  
  71  5:33  Terran Infantry Weapons Level 1, Terran Infantry Armor Level 1  
  71  5:37  Marine  
  72  5:43  Orbital Command, SCV  
  72  5:44  SCV  
  72  5:46  Siege Tank  
  77  5:51  Supply Depot  
  77  5:52  Supply Depot  
  77  5:58  Marine x4  
  81  6:04  Marine x2  
  81  6:07  Medivac x2  
  87  6:14  SCV  
  87  6:15  SCV x2  
  90  6:20  Marine x3  
  90  6:22  Siege Tank  
  90  6:23  Barracks Reactor x2  
  96  6:27  Supply Depot  
  96  6:28  Supply Depot  
  96  6:30  Supply Depot  
  96  6:31  Combat Shield  
  96  6:32  Barracks, Supply Depot  
  96  6:33  Barracks  
  96  6:35  Barracks  
  93  6:48  SCV x2  
  95  6:54  Marine x3  
  95  6:55  Marine, Siege Tank  
  95  6:58  SCV  
  95  7:00  SCV x2  
  105  7:02  Medivac x2  
  105  7:06  Marine  
  105  7:07  Bunker, Supply Depot  
  110  7:09  Supply Depot  
  110  7:10  SCV  
  110  7:12  SCV x2  
  111  7:24  Marine  
  111  7:26  Marine x4  
  111  7:27  Marine x7  
  122  7:39  Supply Depot  
  122  7:42  Marine, Siege Tank  
  122  7:44  Marine x2  
  126  7:46  Armory  
  126  7:47  Medivac  
  126  7:48  Marine, Medivac  
  126  7:49  Marine x3  
  136  7:58  Marine  
  136  7:59  Marine x4  
  136  8:00  Marine  
  136  8:01  Marine  
  136  8:02  Marine  
  136  8:05  Supply Depot  
  144  8:06  Marine x2, Supply Depot  
  144  8:07  Marine x2  
  132  8:28  Marine  
  132  8:29  Marine x11  
  132  8:32  Siege Tank  
  147  8:38  Terran Infantry Weapons Level 2, Terran Infantry Armor Level 2  
  147  8:42  Command Center  
  147  8:46  Marine x2  
  147  8:47  Marine x5  
  147  8:48  Medivac x2  
  140  8:59  Refinery  
  140  9:02  Marine x2  
  140  9:03  Marine x3  
  140  9:04  Marine x4, Factory  
  140  9:05  Marine x3  
  140  9:06  Refinery  
  140  9:07  SCV x2  
  150  9:20  Marine x5, Medivac, Siege Tank  
  150  9:22  Marine x4  
  150  9:23  Marine  
  143  9:43  Marine  
  143  9:44  Marine x11  
  132  9:47  Medivac  
  132  9:50  Medivac  
  128  9:53  Factory Tech Lab, Siege Tank  
  131  10:01  Marine  
  131  10:02  Marine x8  
  127  10:14  Marine x3  
  127  10:16  Siege Tank, Planetary Fortress  
  127  10:17  SCV x3  
  127  10:19  Marine x4  
  127  10:20  Marine x4  
  132  10:33  Marine  
  132  10:34  Marine x3  
  132  10:35  Siege Tank  
  139  10:36  SCV x3  
  139  10:37  Marine x6  
  148  10:49  SCV x3  
  150  10:54  Siege Tank  
  152  11:01  Marine x8, SCV x2  
  162  11:07  Siege Tank  
  165  11:12  Marine x3  
  163  11:29  Marine  
  163  11:30  Marine x8  
  165  11:36  Siege Tank  
  168  11:41  Siege Tank  
  168  11:45  Command Center  
  158  11:55  Marine x3  
Tags
 
Add a new tag
Caveats
  • Supply blocks, unpowered buildings, or Contaminate may cause inaccurate times.
  • Supply counts are checked every 10 seconds.